 Dungeon Crawl Stone Soup version 0.29-a0-284-gf9362112df (webtiles) character file.

Game seed: 16772921801713226523

599 sammy202020 the Covered (level 7, -5/62 HPs)
             Began as a Minotaur Fighter on Mar 29, 2022.
             Succumbed to a gnoll's poison
             ... on level 4 of the Dungeon.
             The game lasted 00:04:35 (4346 turns).

sammy202020 the Covered (Minotaur Fighter)          Turns: 4346, Time: 00:04:35

Health: -5/62      AC:  8    Str: 21    XL:     7   Next: 17%
Magic:  6/6        EV: 10    Int:  7    God:
Gold:   172        SH:  4    Dex:  9    Spells: 6/6 levels left

rFire   + . .      SeeInvis .   a - +0 war axe
rCold   . . .      Faith    .   c - +0 buckler
rNeg    . . .      Spirit   .   b - +0 scale mail
rPois   .          Reflect  .   (helmet restricted)
rElec   .          Harm     .   w - +0 cloak
rCorr   .          Rampage  .   (no gloves)
Will    .....                   (no boots)
Stlth   ..........              (no amulet)
HPRegen 0.20/turn               h - ring of protection from fire
MPRegen 0.10/turn               (no ring)

@: mighty, lethally poisoned (-5 -> -56)
A: horns 2, retaliatory headbutt
a: no special abilities


You were on level 4 of the Dungeon.
You visited 1 branch of the dungeon, and saw 4 of its levels.

You collected 172 gold pieces.

Inventory:

Hand Weapons
 a - a +0 war axe (weapon)
 l - a +0 flail of protection
Missiles
 m - 2 javelins (quivered)
 q - 12 poisoned darts
Armour
 b - a +0 scale mail (worn)
 c - a +0 buckler (worn)
 w - a +0 cloak (worn)
Jewellery
 h - a ring of protection from fire (left hand)
Scrolls
 e - 2 scrolls of blinking {unknown}
 f - a scroll of noise {unknown}
 k - a scroll of teleportation
Potions
 n - a potion of brilliance
 p - a potion of lignification
 r - a potion of mutation
 u - a potion of invisibility


   Skills:
 * Level 5.8 Fighting
 * Level 5.2 Axes
 * Level 6.0 Armour
 + Level 2.5 Dodging
 + Level 4.8 Shields


You had 6 spell levels left.
You didn't know any spells.
Your spell library was empty.

Dungeon Overview and Level Annotations

Branches:
Dungeon (4/15)
 Temple: D:4-7

Altars:
Wu Jian

Annotations:
D:4 1 transporter, sammy202020's ghost, novice GrBe


Innate Abilities, Weirdness & Mutations

You have a pair of horns on your head.
You reflexively headbutt those who attack you in melee.


Message History

The gnoll barely misses you. You furiously retaliate!
You headbutt the gnoll, but do no damage.
You closely miss the gnoll.
The gnoll is lightly wounded.
You closely miss the gnoll.
The gnoll hits you with the +7 halberd of Corporal Punishment {venom, Dex+4}.
You are poisoned.
The gnoll hits you from afar with a +1 spear of venom.
* * * LOW HITPOINT WARNING * * *
You are lethally poisoned!
You feel better.
You block the gnoll's attack. x2; The gnoll zaps a wand.
You struggle to resist.
Okay, then.
You slash the gnoll!
The gnoll is almost dead.
You closely miss the gnoll. The gnoll hits you but does no damage.
You are poisoned.
The gnoll hits you from afar with a +1 spear of venom.
You are lethally poisoned!
The gnoll zaps a wand.
You struggle to resist.
Okay, then.
You feel much better.
You feel very sick. You block the gnoll's attack.
The gnoll hits you but does no damage.
You are more poisoned.
The gnoll zaps a wand.
Your mind is blasted!
You closely miss the gnoll.
The gnoll is almost dead.
You closely miss the gnoll.
You feel extremely sick.
The gnoll hits you with the +7 halberd of Corporal Punishment {venom, Dex+4}!
* * * LOW HITPOINT WARNING * * *
You are more poisoned.
You block the gnoll's attack. The gnoll hits you but does no damage.
The gnoll barely misses you.
The gnoll hits you from afar with a +1 spear of venom.
* * * LOW HITPOINT WARNING * * *
You are more poisoned.
You feel mightier all of a sudden.
You die...

#..≈≈≈≈≈≈≈≈≈≈≈...≈≈≈≈≈≈≈≈≈≈≈.#
#..≈≈#####...........#####≈≈.#
#..≈≈#...#.###.©.###.#g..#≈≈.#
#..≈≈#...###g#####.###...#≈≈.#
#..≈≈###...............###≈≈.#
#..≈≈.8#.######'######.#8.≈≈.#
#..≈≈.##.#.. #8..#.⌠.#.##.≈≈.#
#..≈≈.#..'. #⌠©ggg..'..#.≈≈.#
#(.≈≈.##.#$. #8(@#.⌠.#.##.≈≈.#
#..≈≈.8#.######)######.#8.≈≈.####
#..≈≈###.........gggg..###≈≈.....
#..≈≈#...###©#####g###..g#≈≈.####
#..≈≈#...#.###.©.###.#..g#≈≈.####
#..≈≈#####...........#####≈≈.....
#..≈≈≈≈≈≈≈≈≈≈≈≈≈≈≈≈≈≈≈≈≈≈≈≈≈..###
##.≈≈≈≈≈≈≈≈≈≈≈≈≈≈≈≈≈≈≈≈≈≈≈≈≈..#
#...........................##


You could see 3 gnolls.

Vanquished Creatures
  A water moccasin (D:4)
  A black bear (D:4)
  2 scorpions
  A jelly (D:4)
  An orc priest (D:3)
  Terence (D:2)
  An iguana (D:4)
  An orc wizard (D:4)
  3 adders
  4 gnolls
  A dart slug (D:2)
  8 orcs
  4 endoplasms
  4 giant cockroaches
  9 goblins
  5 hobgoblins
  4 jackals (D:1)
  4 quokkas
  4 ball pythons
  4 bats
  3 frilled lizards
  3 kobolds
  3 rats
72 creatures vanquished.

Vanquished Creatures (others)
  6 plants (D:4)
6 creatures vanquished.

Grand Total: 78 creatures vanquished

Notes
Turn   | Place    | Note
-------+----------+-------------------------------------------
     0 | D:1      | sammy202020 the Minotaur Fighter began the quest for the
                  | Orb.
     0 | D:1      | Reached XP level 1. HP: 19/19 MP: 0/0
   177 | D:1      | Reached XP level 2. HP: 27/27 MP: 1/1
   523 | D:1      | Reached skill level 4 in Armour
  1064 | D:2      | Reached XP level 3. HP: 23/33 MP: 2/2
  1075 | D:2      | HP: 1/33 [gnoll/+0 flail of protection (5)]
  1077 | D:2      | Reached skill level 1 in Dodging
  1492 | D:2      | Noticed Terence
  1500 | D:2      | Killed Terence
  1501 | D:2      | Reached XP level 4. HP: 23/41 MP: 3/3
  2068 | D:3      | Found an ornate altar of the Wu Jian Council.
  2193 | D:3      | HP: 2/41 [orc/+2 dagger of venom (3)]
  2199 | D:3      | Reached XP level 5. HP: 21/47 MP: 4/4
  2873 | D:3      | Reached skill level 5 in Armour
  3134 | D:4      | Reached skill level 5 in Fighting
  3134 | D:4      | Reached XP level 6. HP: 47/56 MP: 5/5
  3874 | D:4      | Found a transporter.
  3915 | D:4      | Identified the +7 halberd of Corporal Punishment {venom,
                  | Dex+4}
  4059 | D:4      | Noticed a water moccasin
  4067 | D:4      | Killed a water moccasin
  4068 | D:4      | Reached skill level 5 in Axes
  4068 | D:4      | Reached XP level 7. HP: 60/62 MP: 6/6
  4132 | D:4      | Found a transporter.
  4144 | D:4      | Noticed sammy202020's ghost (novice GrBe)
  4340 | D:4      | Reached skill level 6 in Armour
  4346 | D:4      | Succumbed to a gnoll's poison

Illustrated notes

Levels and vault maps discovered:
D:1:      dpeg_arrival_shelter, layout_basic, minmay_3d_cube
D:2:      layout_loops_corners, uniq_terence
D:3:      layout_loops_cross, nzn_wu_jian_contemplation, corexii_shack,
          kennysheep_path_1
D:4:      layout_loops_ring, gammafunk_ghost_gnarly_gnolls, nrook_uturn

Skill      XL: |  1  2  3  4  5  6  7 |
---------------+----------------------+-----
Fighting       | 4 5 |  5.8
Armour         | 4 5 6 |  6.0
Axes           | 3 4 5 |  5.2
Dodging        | 1 2 |  2.5
Shields        | 4 |  4.8

Action                   |  1- 3 |  4- 6 |  7- 9 || total
-------------------------+-------+-------+-------++-------
Melee: War axe           |    68 |   116 |    12 ||   196
       Headbutt          |    11 |     9 |       ||    20
  Use: Potion            |       |     4 |     6 ||    10
       Scroll            |       |    10 |       ||    10
Armor: Scale mail        |    34 |    58 |     6 ||    98
Dodge: Dodged            |    34 |    49 |    11 ||    94
Block: Buckler           |    27 |    25 |    14 ||    66

Table legend: (Time is in decaauts)
 A = Elapsed time spent in this place.
 B = Non-inter-level travel time spent in this place.
 C = Inter-level travel time spent in this place.
 D = Time resting spent in this place.
 E = Time spent auto-exploring this place.
 F = Levels seen in this place.
 G = Mean time per level.
                   A        B        C        D        E       F      G
               +--------+--------+--------+--------+--------+-----+--------+
         Total |   4415 |   4339 |     76 |    285 |   3457 |   4 | 1103.8 |
       Dungeon |   4415 |   4339 |     76 |    285 |   3457 |   4 | 1103.8 |
               +--------+--------+--------+--------+--------+-----+--------+

Top non-repeatable levels by time:
     D:2: 1284 daAuts
     D:4: 1242 daAuts
     D:3: 1164 daAuts
     D:1: 724 daAuts
